 Dungeon Crawl Stone Soup version 0.24-a0-201-gf205589 (webtiles) character file.

Game seed: 6396961044416929105

95 Ivan the Bolt Thrower (level 4, -6/36 HPs)
             Began as a Centaur Hunter on Mar 24, 2019.
             Killed from afar by Ijyb (8 damage)
             ... with a wand of flame (10)
             ... on level 3 of the Dungeon.
             The game lasted 00:06:30 (1652 turns).

Ivan the Bolt Thrower (Centaur Hunter)              Turns: 1652, Time: 00:06:30

Health: -6/36      AC:  5    Str: 16    XL:     4   Next: 39%
Magic:  4/4        EV:  9    Int: 10    God:
Gold:   125        SH:  0    Dex:  9    Spells: 3/3 levels left

rFire    . . .     SeeInvis .   b - +0 short sword
rCold    . . .     Gourm    .   (no shield)
rNeg     . . .     Faith    .   c - +0 leather armour
rPois    .         Spirit   .   (no helmet)
rElec    .         Reflect  .   e - +0 cloak
rCorr    +         Harm     .   (no gloves)
MR       .....                  (no barding)
Stlth    ++........             (no amulet)
HPRegen  0.12/turn              r - ring of stealth
MPRegen  0.09/turn              l - ring of resist corrosion

@: very quick
A: large, hooves 3, deformed body, speed 2, tough skin 3
a: no special abilities


You were on level 3 of the Dungeon.
You were hungry.

You visited 1 branch of the dungeon, and saw 3 of its levels.

You collected 125 gold pieces.

Inventory:

Hand Weapons
 a - a +1 hand crossbow
 b - a +0 short sword (weapon)
Missiles
 t - 24 arrows (quivered)
Armour
 c - a +0 leather armour (worn)
 e - a +0 cloak (worn)
Jewellery
 h - an uncursed ring of ice
 l - a ring of resist corrosion (right hand)
 q - an uncursed ring of fire
 r - a ring of stealth (left hand)
Scrolls
 g - 5 scrolls of identify {unknown}
 i - a scroll of enchant armour {unknown}
 j - a scroll of blinking {unknown}
 k - 2 scrolls of fear {unknown}
 m - a scroll of amnesia {unknown}
 s - a scroll of teleportation {unknown}
 w - a scroll of remove curse {unknown}
Potions
 n - a potion of invisibility {unknown}
 o - 2 potions of heal wounds {unknown}
 p - a potion of curing
 u - a potion of flight {unknown}
 v - a potion of might {unknown}
 x - a potion of brilliance {unknown}
Comestibles
 f - 3 rations


   Skills:
 + Level 2.2 Fighting
 + Level 6.1 Crossbows
 + Level 0.3 Armour
 + Level 1.6 Dodging
 + Level 0.4 Stealth


You had 3 spell levels left.
You didn't know any spells.
Your spell library contained the following spells:

 Spells                   Type           Power        Failure   Level  Hunger
 Animate Skeleton         Necr           N/A          43%         1    ##.....
 Apportation              Tloc           #.....       43%         1    ##.....
 Confusing Touch          Hex            #.....       43%         1    ##.....
 Summon Small Mammal      Summ           #...         43%         1    ##.....


Dungeon Overview and Level Annotations

Branches:
Dungeon (3/15)

Altars:

Annotations:
D:3 Ijyb


Innate Abilities, Weirdness & Mutations

You have hooves in place of feet.
Armour fits poorly on your strangely shaped body.
You cover ground very quickly.
You have extremely tough skin. (AC +3)


Message History

You toss away an arrow.
The arrow closely misses Ijyb.
Ijyb completely misses you.
Tossing away (i - inventory)
t - 26 arrows (quivered)
Press: ? - help, Shift-Dir - straight line, f/p - Ijyb
Aim: Ijyb, wielding a +6 club, wearing a +0 ring mail and carrying a wand of flame (13) (heavily wounded)
You toss away an arrow.
The arrow barely misses Ijyb.
Ijyb hits you with a +6 club.
Ijyb zaps a wand.
The puff of flame hits you.
Tossing away (i - inventory)
t - 25 arrows (quivered)
Press: ? - help, Shift-Dir - straight line, f/p - Ijyb
Aim: Ijyb, wielding a +6 club, wearing a +0 ring mail and carrying a wand of flame (12) (heavily wounded)
You toss away an arrow.
The arrow barely misses Ijyb.
Ijyb zaps a wand.
The puff of flame hits you!
* * * LOW HITPOINT WARNING * * *
b - a +0 short sword (weapon)
Ijyb zaps a wand.
The puff of flame hits you.
* * * LOW HITPOINT WARNING * * *
You barely miss Ijyb.
Ijyb is heavily wounded.
Ijyb zaps a wand.
The puff of flame hits you!
You die...

##...........#
#.>.......##.#
#.........# .#
#.........# ..
#.........# .#
#..†......# .#
##.......## .#
#.........##.####(#
#..........@g(.((.(
#..........###(####
#..........#
#.........####..
##...............
#......#########
########


You could see Ijyb.

Vanquished Creatures
  4 adders
  An ooze (D:2)
  A worm (D:3)
  A leopard gecko (D:2)
  5 bats
  A giant cockroach (D:1)
  9 goblins
  9 hobgoblins
  6 jackals
  5 frilled lizards
  3 kobolds
  3 rats
48 creatures vanquished.

Notes
Turn   | Place    | Note
-------+----------+-------------------------------------------
     0 | D:1      | Ivan the Centaur Hunter began the quest for the Orb.
     0 | D:1      | Reached XP level 1. HP: 17/17 MP: 1/1
   287 | D:1      | Reached XP level 2. HP: 24/24 MP: 2/2
   557 | D:1      | Reached skill level 5 in Crossbows
  1108 | D:2      | Reached XP level 3. HP: 29/29 MP: 3/3
  1356 | D:2      | Reached XP level 4. HP: 36/36 MP: 4/4
  1362 | D:2      | Reached skill level 6 in Crossbows
  1637 | D:3      | Noticed Ijyb
  1652 | D:3      | Killed from afar by Ijyb

Levels and vault maps discovered:
D:1:      lightli_arrival_windingriver, layout_basic, patterned_corridor
D:2:      layout_rooms, kennysheep_generic_room_10
D:3:      layout_rooms, nicolae_overflow_crystal_walls, old_standard_altar,
          first_ration, small_statue_intersection, uniq_ijyb

Skill      XL: |  1  2  3  4 |
---------------+-------------+-----
Crossbows      | 5 6 |  6.1
Fighting       | |  2.2
Armour         | |  0.3
Dodging        | |  1.6
Stealth        | |  0.4

Action                   |  1- 3 |  4- 6 || total
-------------------------+-------+-------++-------
Melee: Short sword       |       |     6 ||     6
 Fire: Hand crossbow     |    68 |    28 ||    96
Armor: Leather armour    |     7 |     4 ||    11
Dodge: Dodged            |     8 |     5 ||    13

Table legend:
 A = Non-vault XP
 B = Vault XP
 C = Vault XP percentage of total XP
 D = Non-vault monster count
 E = Vault monster count
 F = Vault count percentage of total count
                 A         B        C        D         E       F
            +---------+---------+-------+---------+---------+-------
      Total |     129 |       7 |   5.1 |      47 |       1 |   2.1
            +---------+---------+-------+---------+---------+-------
        D:1 |      25 |       0 |   0.0 |      14 |       0 |   0.0
        D:2 |      78 |       7 |   8.2 |      27 |       1 |   3.6
        D:3 |      26 |       0 |   0.0 |       6 |       0 |   0.0
            +---------+---------+-------+---------+---------+-------
